 Dungeon Crawl Stone Soup version 0.30.1-11-g7821555f0a (webtiles) character file.

Game seed: 18320611253065432229

97 Okkudo the Chopper (level 4, -1/40 HPs)
             Began as a Hill Orc Monk on Dec 10, 2023.
             Slain by Terence
             ... wielding a +2 flail of holy wrath
              (8 damage)
             ... on level 3 of the Dungeon.
             The game lasted 00:05:11 (2038 turns).

Okkudo the Chopper (Hill Orc Monk)                  Turns: 2038, Time: 00:05:11

Health: -1/40      AC:  2    Str: 15    XL:     4   Next: 68%
Magic:  4/4        EV: 12    Int: 10    God:
Gold:   134        SH:  0    Dex: 13    Spells: 3/3 levels left

rFire   . . .        a - +0 hand axe
rCold   . . .        d - orb {light}
rNeg    . . .        b - +0 robe
rPois   .            (no helmet)
rElec   .            (no cloak)
rCorr   .            (no gloves)
SInv    .            (no boots)
Will    .....        (no amulet)
Stlth   +            (no ring)
HPRegen 0.26/turn    (no ring)
MPRegen 0.09/turn

%: no passive effects
@: confused, ambrosia-drunk, glowing
A: no striking features
a: no special abilities


You were on level 3 of the Dungeon.
You visited 1 branch of the dungeon, and saw 3 of its levels.

You collected 134 gold pieces.

Inventory:

Hand Weapons
 a - a +0 hand axe (weapon)
 i - the +5 halberd of Famn {drain, rC+}
   (You found it on level 2 of the Dungeon)

   rC:        It protects you from cold.
Armour
 b - a +0 robe (worn)
 d - an orb of light (worn)
Jewellery
 k - an amulet of regeneration
Scrolls
 e - 2 scrolls of identify {unknown}
 g - a scroll of silence {unknown}
Potions
 c - a potion of ambrosia
 f - a potion of heal wounds {unknown}
 h - a potion of magic {unknown}
 j - a potion of cancellation {unknown}
 l - a potion of lignification {unknown}
 m - a potion of attraction {unknown}


   Skills:
 - Level 4.2 Fighting
 * Level 6.2 Axes
 - Level 2.7 Dodging


You had 3 spell levels left.
You didn't know any spells.
Your spell library contained the following spells:

 Spells                   Type           Power      Damage    Failure   Level
 Olgreb's Toxic Radiance  Pois           0%         N/A       98%         4
 Discord                  Hex            0%         N/A       100%        8
 Ignition                 Fire           0%         3d3       100%        8


Dungeon Overview and Level Annotations

Branches:
Dungeon (3/15)

Altars:

Shops:
D:2 *

Annotations:
D:3 Terence


Message History

You kill the jackal!
You see here a jackal corpse.
Terence the Incautious comes into view.
He is wielding a +2 flail of holy wrath.
A jackal comes into view.
Terence shouts!
The jackal barks!
You hear a shout!
The jackal barely misses you. The jackal misses you.
You barely miss the jackal. The jackal barely misses you.
You hit the jackal.
The jackal is heavily wounded.
The jackal completely misses you.
You hit the jackal.
You kill the jackal!
You hit Terence but do no damage. Terence closely misses you.
You hit Terence but do no damage.
Terence hits you with a +2 flail of holy wrath.
You hit Terence but do no damage.
Terence hits you with a +2 flail of holy wrath!
You hit Terence but do no damage. Terence barely misses you.
You hit Terence.
Terence is lightly wounded.
Terence hits you with a +2 flail of holy wrath.
You hit Terence.
Terence is moderately wounded.
Terence hits you with a +2 flail of holy wrath!
* * * LOW HITPOINT WARNING * * *
Sorry, you're not good enough to have a special ability.
You are confused.
You feel invigorated.
Terence hits you with a +2 flail of holy wrath!
* * * LOW HITPOINT WARNING * * *
You hit Terence.
Terence is heavily wounded.
Terence closely misses you.
You're too confused to move!
Terence hits you with a +2 flail of holy wrath!
* * * LOW HITPOINT WARNING * * *
You slash Terence!
Terence is severely wounded.
Terence hits you with a +2 flail of holy wrath!
You die...

#####...##
####........#
#....#.....####
######.#.###..††....
...##.#..#..#.#####
###.##.##...##.#
#......#######'#
#.#.#.#### ##...##
#....@# ##.....##
###.##@# ##.......##
#. ..# #.........# #
.... +.........'
..####.........# ..#
#.......## #.#
##..^..## .# ##...##
##'##


You could see Terence.

Vanquished Creatures
  4 adders
  A dart slug (D:1)
  6 ball pythons
  3 bats
  9 endoplasms
  A giant cockroach (D:1)
  3 goblins
  5 hobgoblins
  3 jackals (D:3)
  A kobold (D:2)
  2 quokkas
  7 frilled lizards
  11 rats
56 creatures vanquished.

Notes
Turn   | Place    | Note
-------+----------+-------------------------------------------
     0 | D:1      | Okkudo the Hill Orc Monk began the quest for the Orb.
     0 | D:1      | Reached XP level 1. HP: 19/19 MP: 1/1
   182 | D:1      | Reached XP level 2. HP: 26/27 MP: 2/2
   476 | D:1      | Found a faded altar of an unknown god.
   476 | D:1      | Noticed a great orb of eyes
   479 | D:1      | Noticed a great orb of eyes
   479 | D:1      | Noticed a shining eye
   479 | D:1      | Noticed a golden eye
   525 | D:1      | Reached XP level 3. HP: 33/33 MP: 3/3
   968 | D:2      | Reached skill level 5 in Axes
  1017 | D:2      | Found Atroh's General Store.
  1356 | D:2      | Reached XP level 4. HP: 24/40 MP: 4/4
  1490 | D:2      | Identified the +5 halberd of Famn {drain, rC+}
  1677 | D:3      | Reached skill level 6 in Axes
  2024 | D:3      | Noticed Terence
  2037 | D:3      | HP: 2/40 [Terence/+2 flail of holy wrath (12)]
  2038 | D:3      | Slain by Terence

Illustrated notes

Levels and vault maps discovered:
D:1:      shiori_arrival_maze, layout_basic,
          hellmonk_ecumenical_altar_watching_god
D:2:      layout_loops_cross, serial_shops, shop
D:3:      layout_loops_corners, kennysheep_generic_room_16, uniq_jessica,
          uniq_terence

Skill      XL: |  1  2  3  4 |
---------------+-------------+-----
Fighting       | 4 |  4.2
Axes           | 5 6 |  6.2
Dodging        | |  2.7

Action                     |  1- 3 |  4- 6 || total
---------------------------+-------+-------++-------
  Melee: Hand axe          |   107 |    51 ||   158
    Use: Potion            |       |     1 ||     1
 Armour: Robe              |    11 |    10 ||    21
  Dodge: Dodged            |    55 |    31 ||    86
